% Time on Ice - SEATTLE GRUNGE
Lines # - Real PCT - Wanted PCT - Time Play
Normal Forward
1 - 37% - 36% - 14:58
2 - 31% - 31% - 12:43
3 - 25% - 23% - 10:24
4 - 7% - 10% - 2:54
Normal Defense
1 - 39% - 37% - 15:53
2 - 34% - 34% - 13:57
3 - 27% - 29% - 11:09
4 - 0% - 0% - 0:00
PP Forward
1 - 58% - 55% - 6:29
2 - 42% - 45% - 4:47
PP Defense
1 - 57% - 55% - 6:26
2 - 43% - 45% - 4:50
PK Forward
1 - 59% - 55% - 4:35
2 - 41% - 45% - 3:10
PK Defense
1 - 49% - 55% - 3:46
2 - 51% - 45% - 3:59
PK3 Forward
1 - 0% - 55%
2 - 0% - 45%
PK3 Defense
1 - 0% - 55%
2 - 0% - 45%
44 Forward
1 - 0% - 55%
2 - 0% - 45%
44 Defense
1 - 0% - 55%
2 - 0% - 45%
Last Minute Offensive  - 0:00
Last Minute Defensive  - 0:00
Total
Forward - 60:00
Defense - 60:00
% Time on Ice - REGINA FALCONS
Lines # - Real PCT - Wanted PCT - Time Play
Normal Forward
1 - 30% - 36% - 12:13
2 - 27% - 31% - 11:02
3 - 28% - 23% - 11:36
4 - 15% - 10% - 6:08
Normal Defense
1 - 37% - 36% - 15:04
2 - 29% - 31% - 11:53
3 - 33% - 23% - 13:34
4 - 1% - 10% - 0:28
PP Forward
1 - 49% - 55% - 3:49
2 - 51% - 45% - 3:56
PP Defense
1 - 33% - 55% - 2:34
2 - 67% - 45% - 5:11
PK Forward
1 - 59% - 55% - 6:17
2 - 41% - 45% - 4:21
PK Defense
1 - 48% - 55% - 5:06
2 - 52% - 45% - 5:32
PK3 Forward
1 - 100% - 55% - 0:38
2 - 0% - 45% - 0:00
PK3 Defense
1 - 0% - 55% - 0:00
2 - 100% - 45% - 0:38
44 Forward
1 - 0% - 55%
2 - 0% - 45%
44 Defense
1 - 0% - 55%
2 - 0% - 45%
Last Minute Offensive  - 0:00
Last Minute Defensive  - 0:00
Total
Forward - 60:00
Defense - 60:00
Play-by-Play 1st period 0:01 of 1st period - Rickard Rakell wins face-off versus Sean Monahan in neutral zone. 0:27 of 1st period - Shot by Sean Monahan. 0:27 of 1st period - Shot Misses the Net. 0:31 of 1st period - Shot by William Nylander. 0:31 of 1st period - Stopped by Petr Mrazek without a rebound. 0:32 of 1st period - Matthew Poitras wins face-off versus Tyler Motte in REGINA FALCONS zone. 0:50 of 1st period - Off-side. 0:51 of 1st period - Jacob Peterson wins face-off versus Travis Boyd in neutral zone. 1:13 of 1st period - Icing by Jacob Peterson. 1:14 of 1st period - Jacob Peterson wins face-off versus Curtis Lazar in REGINA FALCONS zone. 1:18 of 1st period - Off-side. 1:19 of 1st period - Matthew Poitras wins face-off versus Devin Shore in neutral zone. 1:27 of 1st period - Icing by Kaiden Guhle. 1:28 of 1st period - Matthew Poitras wins face-off versus Tyler Motte in SEATTLE GRUNGE zone. 1:41 of 1st period - Shot by Morgan Geekie. 1:41 of 1st period - Shot Misses the Net. 1:49 of 1st period - Shot by Matthew Poitras. 1:49 of 1st period - Stopped by Petr Mrazek without a rebound. 1:50 of 1st period - Sean Monahan wins face-off versus Rickard Rakell in REGINA FALCONS zone. 1:55 of 1st period - Shot by Sean Monahan. 1:55 of 1st period - Shot Blocked by Rickard Rakell. 2:01 of 1st period - William Borgen is hit by Rickard Rakell and loses puck. 2:10 of 1st period - Rickard Rakell is hit by Tyler Seguin and loses puck. 3:36 of 1st period - Shot by Tyler Motte. 3:36 of 1st period - Stopped by Casey DeSmith without a rebound. 3:37 of 1st period - Devin Shore wins face-off versus Jakub Vrana in SEATTLE GRUNGE zone. 4:00 of 1st period - Shot by Travis Boyd. 4:00 of 1st period - Stopped by Petr Mrazek with a rebound. 4:40 of 1st period - Icing by Warren Foegele. 4:41 of 1st period - Matthew Poitras wins face-off versus Rickard Rakell in SEATTLE GRUNGE zone. 4:56 of 1st period - Shot by Kyle Okposo. 4:56 of 1st period - Shot Misses the Net. 5:08 of 1st period - Shot by Rickard Rakell. 5:08 of 1st period - Shot Misses the Net. 5:15 of 1st period - Shot by Rickard Rakell. 5:15 of 1st period - Shot Blocked by Radim Simek. 5:17 of 1st period - Shot by Rickard Rakell. 5:17 of 1st period - Stopped by Casey DeSmith without a rebound. 5:18 of 1st period - Curtis Lazar wins face-off versus Tyler Motte in SEATTLE GRUNGE zone. 5:52 of 1st period - Shot by Tyler Motte. 5:52 of 1st period - Goal by Tyler Motte - SEATTLE GRUNGE : 0 - REGINA FALCONS : 1. 5:53 of 1st period - Travis Boyd wins face-off versus Jacob Peterson in neutral zone. 6:00 of 1st period - Shot by Travis Boyd. 6:00 of 1st period - Stopped by Petr Mrazek with a rebound. 6:02 of 1st period - Shot by Travis Boyd. 6:02 of 1st period - Shot Misses the Net. 6:08 of 1st period - Shot by Travis Boyd. 6:08 of 1st period - Shot Misses the Net. 6:19 of 1st period - Minor Penalty to Filip Roos for Slashing. 6:20 of 1st period - Sean Monahan wins face-off versus Rickard Rakell in REGINA FALCONS zone. 6:31 of 1st period - Shot by William Nylander. 6:31 of 1st period - Deflect By Tyler Seguin. 6:31 of 1st period - Stopped by Petr Mrazek with a rebound. 6:33 of 1st period - Shot by Sean Monahan. 6:33 of 1st period - Shot Misses the Net. 6:35 of 1st period - Shot by Travis Sanheim. 6:35 of 1st period - Shot Misses the Net. 7:56 of 1st period - Off-side. 7:57 of 1st period - Sean Monahan wins face-off versus Dominik Kubalik in neutral zone. 8:45 of 1st period - Shot by Curtis Lazar. 8:45 of 1st period - Stopped by Petr Mrazek without a rebound. 8:46 of 1st period - Travis Boyd wins face-off versus Devin Shore in REGINA FALCONS zone. 8:46 of 1st period - Jimmy Vesey is hit by Filip Roos and loses puck. 8:50 of 1st period - Icing by Filip Roos. 8:51 of 1st period - Devin Shore wins face-off versus Warren Foegele in REGINA FALCONS zone. 9:00 of 1st period - Shot by Devin Shore. 9:00 of 1st period - Stopped by Casey DeSmith without a rebound. 9:01 of 1st period - Sean Monahan wins face-off versus Rickard Rakell in SEATTLE GRUNGE zone. 9:16 of 1st period - Minor Penalty to Kaiden Guhle for Hooking. 9:17 of 1st period - Curtis Lazar wins face-off versus Tyler Motte in SEATTLE GRUNGE zone. 9:52 of 1st period - Shot by Tyler Motte. 9:52 of 1st period - Shot Misses the Net. 11:00 of 1st period - Shot by Eric Robinson. 11:00 of 1st period - Shot Blocked by Brett Kulak. 11:06 of 1st period - Shot by Eric Robinson. 11:06 of 1st period - Shot Misses the Net. 11:20 of 1st period - Shot by Dominik Kubalik. 11:20 of 1st period - Shot Blocked by Kaiden Guhle. 11:25 of 1st period - Off-side. 11:26 of 1st period - Matthew Poitras wins face-off versus Devin Shore in neutral zone. 11:28 of 1st period - Warren Foegele is hit by Max Jones and loses puck. 12:57 of 1st period - Shot by Rickard Rakell. 12:57 of 1st period - Shot Misses the Net. 12:59 of 1st period - Shot by Kyle Okposo. 12:59 of 1st period - Stopped by Casey DeSmith without a rebound. 13:00 of 1st period - Sean Monahan wins face-off versus Tyler Motte in SEATTLE GRUNGE zone. 13:00 of 1st period - Sean Monahan is hit by Dominik Kubalik. 13:03 of 1st period - Minor Penalty to Eric Robinson for High sticking. 13:04 of 1st period - Sean Monahan wins face-off versus Rickard Rakell in REGINA FALCONS zone. 13:04 of 1st period - Sean Monahan is hit by Filip Roos. 13:28 of 1st period - Shot by William Nylander. 13:28 of 1st period - Stopped by Petr Mrazek without a rebound. 13:29 of 1st period - Dominik Kubalik wins face-off versus William Nylander in REGINA FALCONS zone. 13:46 of 1st period - Shot by William Nylander. 13:46 of 1st period - Stopped by Petr Mrazek without a rebound. 13:47 of 1st period - Rickard Rakell wins face-off versus Matthew Poitras in REGINA FALCONS zone. 13:47 of 1st period - Rickard Rakell is hit by Warren Foegele. 14:01 of 1st period - Shot by Matthew Poitras. 14:01 of 1st period - Shot Blocked by Marco Scandella. 14:03 of 1st period - Shot by Warren Foegele. 14:03 of 1st period - Shot Misses the Net. 14:19 of 1st period - Shot by Travis Sanheim. 14:19 of 1st period - Stopped by Petr Mrazek without a rebound. 14:20 of 1st period - Sean Monahan wins face-off versus Dominik Kubalik in REGINA FALCONS zone. 14:24 of 1st period - Minor Penalty to Pierre-Olivier Joseph for Hooking. 14:25 of 1st period - Rickard Rakell wins face-off versus Sean Monahan in REGINA FALCONS zone. 15:31 of 1st period - Icing by Matthew Poitras. 15:32 of 1st period - Matthew Poitras wins face-off versus Rickard Rakell in SEATTLE GRUNGE zone. 15:45 of 1st period - Shot by Morgan Geekie. 15:45 of 1st period - Shot Blocked by Filip Roos. 15:47 of 1st period - Shot by Matthew Poitras. 15:47 of 1st period - Stopped by Petr Mrazek without a rebound. 15:48 of 1st period - Matthew Poitras wins face-off versus Dominik Kubalik in REGINA FALCONS zone. 16:45 of 1st period - Shot by Jimmy Vesey. 16:45 of 1st period - Shot Blocked by Logan Stanley. 16:51 of 1st period - Shot by Travis Boyd. 16:51 of 1st period - Shot Misses the Net. 16:53 of 1st period - Shot by Travis Boyd. 16:53 of 1st period - Shot Misses the Net. 17:21 of 1st period - Minor Penalty to Brett Kulak for Holding. 17:22 of 1st period - Rickard Rakell wins face-off versus Curtis Lazar in SEATTLE GRUNGE zone. 17:31 of 1st period - Shot by Andrei Kuzmenko. 17:31 of 1st period - Stopped by Casey DeSmith without a rebound. 17:32 of 1st period - Curtis Lazar wins face-off versus Rickard Rakell in SEATTLE GRUNGE zone. 17:45 of 1st period - Shot by Andrei Kuzmenko. 17:45 of 1st period - Stopped by Casey DeSmith without a rebound. 17:46 of 1st period - Tyler Motte wins face-off versus William Nylander in SEATTLE GRUNGE zone. 17:46 of 1st period - Dominik Kubalik is hit by Kaiden Guhle and loses puck. 19:05 of 1st period - Shot by Andrei Kuzmenko. 19:05 of 1st period - Stopped by Casey DeSmith with a rebound. 19:07 of 1st period - Shot by Kyle Okposo. 19:07 of 1st period - Shot Blocked by Kaiden Guhle. 19:09 of 1st period - Shot by Kyle Okposo. 19:09 of 1st period - Goal by Kyle Okposo - SEATTLE GRUNGE : 0 - REGINA FALCONS : 2. 19:10 of 1st period - Matthew Poitras wins face-off versus Jacob Peterson in neutral zone. 19:19 of 1st period - Shot by Matthew Poitras. 19:19 of 1st period - Stopped by Petr Mrazek with a rebound. 19:57 of 1st period - Off-side. 19:58 of 1st period - Sean Monahan wins face-off versus Tyler Motte in neutral zone. Goals for this period are 0 for SEATTLE GRUNGE vs 2 for REGINA FALCONS. Shots for this period are 11 for SEATTLE GRUNGE vs 9 for REGINA FALCONS. 2nd period 0:01 of 2nd period - Tyler Seguin wins face-off versus Rickard Rakell in neutral zone. 0:23 of 2nd period - Shot by William Nylander. 0:23 of 2nd period - Stopped by Petr Mrazek without a rebound. 0:24 of 2nd period - Matthew Poitras wins face-off versus Dominik Kubalik in REGINA FALCONS zone. 0:29 of 2nd period - Shot by Morgan Geekie. 0:29 of 2nd period - Shot Blocked by Filip Roos. 0:53 of 2nd period - Eric Robinson is hit by William Borgen and loses puck. 1:23 of 2nd period - Shot by Andrei Kuzmenko. 1:23 of 2nd period - Stopped by Casey DeSmith without a rebound. 1:24 of 2nd period - Sean Monahan wins face-off versus Jacob Peterson in SEATTLE GRUNGE zone. 1:56 of 2nd period - Shot by Jacob Peterson. 1:56 of 2nd period - Stopped by Casey DeSmith without a rebound. 1:57 of 2nd period - Travis Boyd wins face-off versus Rickard Rakell in SEATTLE GRUNGE zone. 2:12 of 2nd period - Shot by Andrei Kuzmenko. 2:12 of 2nd period - Shot Misses the Net. 2:15 of 2nd period - Icing by Kaiden Guhle. 2:16 of 2nd period - Travis Boyd wins face-off versus Tyler Motte in SEATTLE GRUNGE zone. 2:35 of 2nd period - Shot by Dominik Kubalik. 2:35 of 2nd period - Stopped by Casey DeSmith without a rebound. 2:36 of 2nd period - Sean Monahan wins face-off versus Rickard Rakell in SEATTLE GRUNGE zone. 3:01 of 2nd period - Minor Penalty to Sean Monahan for Hooking. 3:02 of 2nd period - Curtis Lazar wins face-off versus Tyler Motte in SEATTLE GRUNGE zone. 3:08 of 2nd period - Icing by Eric Robinson. 3:09 of 2nd period - Curtis Lazar wins face-off versus Tyler Motte in REGINA FALCONS zone. 4:51 of 2nd period - Shot by Rickard Rakell. 4:51 of 2nd period - Stopped by Casey DeSmith without a rebound. 4:52 of 2nd period - Rickard Rakell wins face-off versus Curtis Lazar in SEATTLE GRUNGE zone. 4:53 of 2nd period - Shot by Andrei Kuzmenko. 4:53 of 2nd period - Shot Blocked by Trav